AoeStats
← Jazzmushroom

MegaRandom

508873156Analyzed
4v4 RM · 8d ago on Sep 24, 2026· 53m 53s· 8 players
Game mode
Random Map
Map size
Large (8 player)
Population
200
Speed
Normal
Resources
Standard
Victory
Conquest
Starting age
Dark Age
Ending age
Imperial Age
RankedLock teamsTeams togetherTeam positionsShared explorationLock speedFull tech treeHidden civsTurbo modeCheats
Victory
Defeat
🇳🇱 Bohemians · Netherlands
1282
+15
🇵🇱 Magyars · Poland
1270
+16
🇵🇱 Varangians · Poland
1215
+18
🇩🇪 Hindustanis · Germany
1200
+19
🇦🇷 Spanish · Argentina
1293
-18
🇺🇸 Saxons · United States
1286
-18
🇦🇷 Danes · Argentina
1269
-17
🇨🇳 Jurchens · China
1211
-15
Rene
11:33 Feudal Age
16:10 Castle Age
14:01 Horse Collar
14:32 Double-Bit Axe
17:55 Bow Saw
18:55 Heavy Plow
25:25 Loom
26:18 Wheelbarrow
25:30 Town Watch
27:29 Hand Cart
32:19 Imperial Age
31:29 Chemistry
30:49 Ballistics
30:31 Padded Archer Armor
30:21 Fletching
30:32 Scale Mail Armor
30:42 Forging
29:56 Pikeman
32:12 Leather Archer Armor
33:20 Siege Engineers
34:17 Two-Man Saw
33:20 Town Patrol
34:59 Ring Archer Armor
34:52 Conscription
34:38 Wagenburg Tactics
35:19 Elite Skirmisher
36:13 Guilds
37:32 Houfnice
39:36 Chain Mail Armor
39:56 Iron Casting
39:23 Squires
46:16 Halberdier
47:32 Plate Mail Armor
48:08 Blast Furnace
49:47 Arson
53:30 Elite Skirmisher
Olli
9:01 Loom
11:42 Feudal Age
16:16 Castle Age
15:14 Double-Bit Axe
15:11 Horse Collar
17:16 Bow Saw
17:10 Heavy Plow
18:41 Husbandry
19:37 Bloodlines
25:24 Gold Mining
25:53 Scale Barding Armor
27:17 Wheelbarrow
28:19 Hand Cart
32:11 Gold Shaft Mining
33:17 Forging
34:19 Chain Barding Armor
36:05 Iron Casting
40:56 Imperial Age
39:00 Town Watch
42:49 Blast Furnace
42:24 Plate Barding Armor
41:11 Heavy Camel Rider
43:21 Imperial Camel Rider
45:38 Conscription
45:20 Grand Trunk Road
47:35 Stone Mining
49:59 Stone Shaft Mining
Bigos1994
5:19 Loom
11:56 Feudal Age
16:26 Castle Age
15:11 Double-Bit Axe
16:14 Horse Collar
18:16 Scale Barding Armor
19:47 Bloodlines
20:34 Bow Saw
26:49 Husbandry
30:29 Chain Barding Armor
31:43 Wheelbarrow
30:53 Town Watch
33:19 Hand Cart
33:59 Gold Mining
36:25 Heavy Plow
39:25 Imperial Age
36:50 Fletching
37:28 Corvinian Army
37:40 Stone Mining
40:45 Plate Barding Armor
39:59 Elite Magyar Huszar
41:11 Bodkin Arrow
42:44 Hoardings
42:19 Bracer
44:19 Conscription
45:05 Ballistics
44:54 Murder Holes
54:17 Town Patrol
Pitry2012
8:09 Loom
10:46 Feudal Age
16:21 Castle Age
15:01 Double-Bit Axe
16:18 Fletching
16:58 Bloodlines
21:41 Horse Collar
23:23 Bodkin Arrow
24:40 Padded Archer Armor
25:06 Husbandry
25:48 Bow Saw
26:16 Leather Archer Armor
29:01 Wheelbarrow
28:13 Town Watch
29:52 Gold Mining
31:39 Ballistics
32:52 Hand Cart
33:09 Heavy Plow
38:53 Imperial Age
39:00 Heavy Mounted Crossbowman
39:13 Cranequins
40:08 Bracer
41:24 Ring Archer Armor
42:01 Chemistry
42:13 Stone Mining
43:48 Stone Shaft Mining
45:53 Siege Engineers
47:27 Masonry
47:45 Capped Ram
49:06 Siege Ram
49:49 Herbal Medicine
Jazzmushroom
8:28 Loom
11:08 Feudal Age
14:20 Double-Bit Axe
14:29 Horse Collar
17:13 Castle Age
18:55 Bow Saw
19:37 Fletching
21:14 Wheelbarrow
22:31 Stone Mining
23:10 Gold Mining
24:31 Crossbowman
25:40 Bodkin Arrow
25:38 Town Watch
26:31 Padded Archer Armor
27:43 Ballistics
29:11 Guard Tower
29:56 Leather Archer Armor
31:24 Hand Cart
36:38 Imperial Age
36:27 Treadmill Crane
36:46 Murder Holes
37:26 Coinage
38:50 Chemistry
37:54 Bracer
38:25 Ring Archer Armor
37:19 Arbalester
38:06 Thumb Ring
40:13 Banking
39:47 Heavy Plow
40:51 Two-Man Saw
40:29 Conscription
41:12 Hoardings
42:53 Keep
42:04 Arrowslits
46:37 Masonry
The Goat
8:35 Loom
11:46 Feudal Age
16:57 Castle Age
15:33 Double-Bit Axe
16:06 Fletching
17:43 Bodkin Arrow
20:55 Padded Archer Armor
24:27 Bow Saw
24:55 Husbandry
25:05 Bloodlines
27:35 Bloodlines
29:36 Ballistics
29:48 Thumb Ring
31:24 Leather Archer Armor
34:11 Horse Collar
35:08 Wheelbarrow
38:12 Imperial Age
36:33 Heavy Plow
37:56 Hand Cart
37:26 Town Watch
37:56 Light Cavalry
40:04 Chemistry
39:13 Bracer
44:43 Scale Barding Armor
44:49 Forging
45:54 Chain Barding Armor
Nightmare
7:10 Loom
8:44 Loom
11:12 Feudal Age
14:59 Castle Age
13:37 Double-Bit Axe
13:56 Horse Collar
14:41 Fletching
15:59 Bodkin Arrow
22:50 Wheelbarrow
23:20 Bow Saw
23:11 Heavy Plow
23:19 Heavy Plow
24:49 Scale Mail Armor
25:09 Squires
26:06 Chain Mail Armor
26:50 Town Watch
Hakka
3:45 Loom
10:29 Feudal Age
11:15 Double-Bit Axe
14:16 Padded Archer Armor
15:51 Fletching
16:37 Horse Collar
22:57 Castle Age
22:58 Gold Mining
24:06 Leather Archer Armor
25:18 Siege Engineers
26:06 Town Watch
27:01 Wheelbarrow
43:25 Imperial Age
43:31 Imperial Age
42:34 Stone Mining
43:22 Gold Shaft Mining
42:59 Bow Saw
44:46 Ring Archer Armor
46:19 Chemistry
45:40 Ballistics
45:37 Thunderclap Bombs
45:48 Conscription
45:37 Fortified Bastions
Connection lost

Rejoining the realm…

Still unreachable

The connection could not be restored.

Session expired

The server has moved on; the page needs a fresh start.